[Event "Titled Tuesday Blitz July 4 Early 2023"]
[White "Dwilewicz, Katarzyna"]
[Black "Soham Kamotra"]
[WhiteFideId "1148486"]
[BlackFideId "46647490"]
[WhiteElo "2336"]
[BlackElo "2658"]
[Result "1-0"]
[Round "2"]
[TimeControl "180+2"]
[Date "2023.07.04"]
[WhiteClock "0:00:05"]
[BlackClock "0:00:00"]
[Board "100"]

1. e4 c6 2. d4 d5 3. Nc3 dxe4 4. Nxe4 Bf5 5. Ng3 Bg6 6. Nh3 e6 7. Nf4 Bd6 8. Ngh5 Bxf4 9. Nxf4 Nf6 10. c3 Nd5 11. Nxg6 hxg6 12. g3 Nd7 13. Bg2 N7f6 14. Qe2 Qd6 15. Bg5 O-O-O 16. O-O-O Rhe8 17. Rhe1 Rd7 18. Kb1 Red8 19. h4 a6 20. Bf3 c5 21. c4 Nb4 22. d5 exd5 23. cxd5 Qb6 24. a3 Nbxd5 25. Bxd5 Rxd5 26. Rxd5 Nxd5 27. Ka2 f6 28. Qg4+ Kb8 29. Bd2 f5 30. Qc4 Qc6 31. Rc1 Nb6 32. Bf4+ Ka7 33. Qxc5 Qxc5 34. Rxc5 Rd7 35. Be3 Kb8 36. Re5 Nc4 37. Re8+ Kc7 38. Bf4+ Kc6 39. Re6+ Kd5 40. Rxg6 Ke4 41. Re6+ Kf3 42. Kb3 Na5+ 43. Ka4 Nc6 44. Be3 Rf7 45. b4 Ne7 46. Rd6 Ng8 47. Kb3 Nf6 48. a4 Ng4 49. Bc5 Nxf2 50. Bxf2 Kxf2 51. Rg6 Kf3 52. b5 axb5 53. axb5 Re7 54. Kc4 Re4+ 55. Kc5 Rg4 56. Rd6 Kxg3 57. Kb6 Kxh4 58. Kxb7 Rb4 59. b6 g5 60. Kc7 f4 61. b7 Rc4+ 62. Rc6 Rb4 63. Rb6 1-0


[Site "https://www.chess.com"]

[Event "Titled Tuesday Blitz July 4 Early 2023"]
[White "Mikhaylova, Irina"]
[Black "Souleidis, Georgios"]
[WhiteFideId "4109040"]
[BlackFideId "4206827"]
[WhiteElo "2330"]
[BlackElo "2655"]
[Result "1/2-1/2"]
[Round "2"]
[TimeControl "180+2"]
[Date "2023.07.04"]
[WhiteClock "0:00:19"]
[BlackClock "0:00:16"]
[Board "101"]

1. Nf3 Nf6 2. c4 g6 3. Nc3 Bg7 4. e4 d6 5. d4 O-O 6. Be2 e5 7. dxe5 dxe5 8. Qxd8 Rxd8 9. Bg5 c6 10. Nxe5 Re8 11. O-O-O Na6 12. Rd6 Be6 13. f3 h6 14. Bh4 Nh5 15. Nd7 g5 16. Bg3 Nxg3 17. hxg3 Bxd7 18. Rxd7 Nc5 19. Rdd1 Bxc3 20. bxc3 Kg7 21. g4 Rad8 22. Kc2 a5 23. g3 Rh8 24. Rxd8 Rxd8 25. Rd1 Rxd1 26. Bxd1 Kf6 27. Kd2 Ke5 28. Ke3 Ne6 29. Bb3 f6 30. Bd1 b6 31. Ba4 Kd6 32. f4 Nc5 33. Bc2 Ne6 34. Ba4 Nc5 35. Bc2 Ne6 36. Ba4 1/2-1/2


[Site "https://www.chess.com"]

[Event "Titled Tuesday Blitz July 4 Early 2023"]
[White "Koellner, Ruben Gideon"]
[Black "Prieto Aranguren, Alain"]
[WhiteFideId "12993093"]
[BlackFideId "2268906"]
[WhiteElo "2655"]
[BlackElo "2327"]
[Result "1-0"]
[Round "2"]
[TimeControl "180+2"]
[Date "2023.07.04"]
[WhiteClock "0:00:02"]
[BlackClock "0:00:05"]
[Board "102"]

1. d4 g6 2. Nf3 Bg7 3. Nbd2 d6 4. e4 Nf6 5. Bc4 O-O 6. O-O c6 7. Bb3 Na6 8. c3 Qc7 9. Qe2 e5 10. dxe5 dxe5 11. Nc4 Nc5 12. Bc2 Nh5 13. b4 Ne6 14. g3 b6 15. Rd1 Ba6 16. a4 Qc8 17. Bd3 Rd8 18. Ncxe5 Bxd3 19. Rxd3 Rxd3 20. Qxd3 Qc7 21. Nc4 Rd8 22. Qc2 Qe7 23. e5 h6 24. Be3 Nc7 25. Rd1 Nd5 26. Qd3 Qe6 27. b5 Qg4 28. bxc6 Qxf3 29. c7 Rc8 30. Qxd5 Qxd5 31. Rxd5 Rxc7 32. Rd4 f5 33. f4 g5 34. Bd2 gxf4 35. gxf4 Bf8 36. Nd6 Ng7 37. Kf2 Ne6 38. Nxf5 Nxd4 39. cxd4 Rc2 40. Ke3 Ra2 41. e6 Ra3+ 42. Ke4 Ra2 43. Be3 Rxa4 44. e7 Bxe7 45. Nxe7+ Kf7 46. Nc6 a5 47. Ke5 Ra3 48. Bf2 Rf3 49. Bg1 a4 50. d5 a3 51. Bd4 a2 52. d6 Re3+ 53. Kd5 Rd3 54. d7 Rxd4+ 55. Nxd4 a1=Q 56. d8=Q Qa5+ 57. Ke4 Qe1+ 58. Kf5 Qb1+ 59. Ke5 Qe1+ 60. Kd6 Qe6+ 61. Nxe6 1-0


[Site "https://www.chess.com"]

[Event "Titled Tuesday Blitz July 4 Early 2023"]
[White "Schut, Han"]
[Black "Ahmad, Khagan"]
[WhiteFideId "1005561"]
[BlackFideId "13431552"]
[WhiteElo "2284"]
[BlackElo "2654"]
[Result "1-0"]
[Round "2"]
[TimeControl "180+2"]
[Date "2023.07.04"]
[WhiteClock "0:00:41"]
[BlackClock "0:00:13"]
[Board "103"]

1. e4 c5 2. Nf3 d6 3. d4 cxd4 4. Nxd4 Nf6 5. f3 e5 6. Bb5+ Nbd7 7. Nf5 a6 8. Bxd7+ Qxd7 9. c4 b5 10. cxb5 axb5 11. Nc3 Bb7 12. Bg5 b4 13. Bxf6 bxc3 14. Bxg7 cxb2 15. Bxh8 bxa1=Q 16. Qxa1 Qb5 17. Kf2 Bc8 18. Rd1 Bxf5 19. exf5 Qc4 20. a3 Bh6 21. Bxe5 Qc2+ 22. Kg3 dxe5 23. Qxe5+ Kf8 24. Qh8+ Ke7 25. Re1+ Kd7 26. Qxa8 Bf4+ 27. Kh3 Qxf5+ 28. g4 Qc2 29. Qe8+ Kc7 30. Qxf7+ 1-0


[Site "https://www.chess.com"]

[Event "Titled Tuesday Blitz July 4 Early 2023"]
[White "Guerra Tulcan, Lenin"]
[Black "tomobeast"]
[WhiteFideId "3601382"]
[WhiteElo "2651"]
[BlackElo "2246"]
[Result "1-0"]
[Round "2"]
[TimeControl "180+2"]
[Date "2023.07.04"]
[WhiteClock "0:02:33"]
[BlackClock "0:02:13"]
[Board "104"]

1. e4 c5 2. Nf3 Nf6 3. d3 d6 4. Be2 g6 5. O-O Bg7 6. c3 O-O 7. Re1 Nc6 8. Bf1 Bg4 9. Nbd2 e5 10. h3 Be6 11. Nc4 d5 12. exd5 Nxd5 13. Ncxe5 Nxe5 14. Nxe5 Bxe5 15. Rxe5 Qf6 16. Qe2 Rad8 17. Bg5 Nf4 18. Qe4 Bf5 19. Qxf4 1-0


[Site "https://www.chess.com"]

[Event "Titled Tuesday Blitz July 4 Early 2023"]
[White "Samarth J Rao"]
[Black "Martinez Ramirez, Lennis"]
[WhiteFideId "46652370"]
[BlackFideId "3509079"]
[WhiteElo "2236"]
[BlackElo "2650"]
[Result "1-0"]
[Round "2"]
[TimeControl "180+2"]
[Date "2023.07.04"]
[WhiteClock "0:00:05"]
[BlackClock "0:00:48"]
[Board "105"]

1. d4 e6 2. e3 Nf6 3. Nf3 b6 4. Bd3 Bb7 5. O-O c5 6. Nbd2 cxd4 7. exd4 g6 8. c3 Bg7 9. Qe2 O-O 10. Re1 d6 11. Ne4 Nd5 12. Bg5 Qd7 13. c4 h6 14. cxd5 hxg5 15. dxe6 Qxe6 16. Nfxg5 Qd5 17. Bc4 Qf5 18. Nxf7 Qxe4 19. Nxd6+ Qd5 20. Bxd5+ Bxd5 21. Qg4 Nc6 22. Ne4 Nxd4 23. Qxg6 Bf7 24. Nf6+ Kh8 25. Qg5 Bxf6 26. Qxf6+ Kh7 27. Qxd4 Rad8 28. Qh4+ Kg7 29. Qg5+ Kh8 30. Re3 Bg8 31. Rh3+ Bh7 32. Qe5+ Kg8 33. Rg3+ Kf7 34. Rg7# 1-0


[Site "https://www.chess.com"]

[Event "Titled Tuesday Blitz July 4 Early 2023"]
[White "Tsyhanchuk, Stanislav"]
[Black "Tan, Jun Ying"]
[WhiteFideId "13505130"]
[BlackFideId "5710413"]
[WhiteElo "2223"]
[BlackElo "2650"]
[Result "0-1"]
[Round "2"]
[TimeControl "180+2"]
[Date "2023.07.04"]
[WhiteClock "0:00:10"]
[BlackClock "0:01:18"]
[Board "106"]

1. c4 c6 2. Nc3 d5 3. e3 Nf6 4. Nf3 a6 5. b3 Bf5 6. Bb2 h6 7. d4 e6 8. Bd3 Bxd3 9. Qxd3 Nbd7 10. O-O Bb4 11. Nd2 O-O 12. e4 dxe4 13. Ndxe4 Nxe4 14. Nxe4 Nf6 15. Nxf6+ Qxf6 16. c5 Rad8 17. Qg3 Bd2 18. Rad1 Bf4 19. Qf3 Rd5 20. g3 Bg5 21. Qe2 Qe7 22. f4 Bf6 23. Rd3 Rfd8 24. Rfd1 R8d7 25. Qe4 Qd8 26. Kg2 g6 27. b4 h5 28. h4 Kg7 29. a4 Kg8 30. a5 e5 31. fxe5 Bxe5 32. Qe3 Bf6 33. Bc3 Rf5 34. R3d2 Re7 35. Qd3 Qd5+ 36. Kh2 Rf3 37. Qe2 Rxe2+ 38. Rxe2 Rxc3 0-1


[Site "https://www.chess.com"]

[Event "Titled Tuesday Blitz July 4 Early 2023"]
[White "Fernandez Hernandez, Gerardo"]
[Black "Akhmetov, Ayan"]
[WhiteFideId "2207400"]
[BlackFideId "13703706"]
[WhiteElo "2208"]
[BlackElo "2647"]
[Result "0-1"]
[Round "2"]
[TimeControl "180+2"]
[Date "2023.07.04"]
[WhiteClock "0:00:20"]
[BlackClock "0:00:23"]
[Board "107"]

1. e4 c5 2. d3 Nc6 3. g3 g6 4. Bg2 Bg7 5. f4 d6 6. Nf3 Nf6 7. O-O O-O 8. Nc3 Bg4 9. h3 Bxf3 10. Qxf3 Rb8 11. a4 a6 12. Be3 Nd7 13. f5 b5 14. axb5 axb5 15. g4 b4 16. Nd1 Nd4 17. Qf2 Ne5 18. g5 b3 19. f6 exf6 20. gxf6 Bxf6 21. Bxd4 cxd4 22. Qxf6 Qxf6 23. Rxf6 bxc2 24. Rxd6 Nxd3 25. Rxd4 Ra8 26. Rc1 Nxc1 27. Ne3 Ne2+ 28. Kh2 c1=Q 0-1


[Site "https://www.chess.com"]

[Event "Titled Tuesday Blitz July 4 Early 2023"]
[White "Iskusnyh, Sergei"]
[Black "Floresvillar Gonzalez, Luis Migu"]
[WhiteFideId "4120027"]
[BlackFideId "5100542"]
[WhiteElo "2646"]
[BlackElo "2080"]
[Result "1-0"]
[Round "2"]
[TimeControl "180+2"]
[Date "2023.07.04"]
[WhiteClock "0:01:54"]
[BlackClock "0:00:38"]
[Board "108"]

1. d4 c6 2. c4 d5 3. Nf3 Nf6 4. e3 Bg4 5. h3 Bxf3 6. Qxf3 e6 7. Nc3 Bd6 8. Bd2 Nbd7 9. cxd5 exd5 10. O-O-O Qe7 11. Kb1 Ne4 12. Nxe4 Qxe4+ 13. Qxe4+ dxe4 14. f3 exf3 15. gxf3 O-O 16. e4 a5 17. Rg1 Rfe8 18. a3 Rad8 19. Bxa5 b6 20. Bc3 g6 21. h4 c5 22. Bb5 Rf8 23. Bxd7 cxd4 24. Rxd4 Rxd7 25. Rgd1 Rfd8 26. e5 Be7 27. Rxd7 Rxd7 28. Rxd7 Bxh4 29. e6 fxe6 30. Rg7+ Kf8 31. Rxh7 g5 32. Kc2 1-0


[Site "https://www.chess.com"]

[Event "Titled Tuesday Blitz July 4 Early 2023"]
[White "Gyulamiryan-koryun"]
[Black "Vaibhav Jayant Raut"]
[BlackFideId "5089034"]
[WhiteElo "1678"]
[BlackElo "2645"]
[Result "0-1"]
[Round "2"]
[TimeControl "180+2"]
[Date "2023.07.04"]
[WhiteClock "0:00:04"]
[BlackClock "0:01:01"]
[Board "109"]

1. d4 Nf6 2. c4 e6 3. Nf3 Bb4+ 4. Bd2 Qe7 5. g3 b6 6. Bg2 Bb7 7. O-O Bxd2 8. Nbxd2 O-O 9. Qc2 d6 10. Rfe1 Nbd7 11. a4 a5 12. e4 e5 13. Rad1 Rfe8 14. d5 Nc5 15. Nh4 g6 16. b3 Rf8 17. h3 Nh5 18. Kh2 Nf4 19. Nf5 gxf5 20. gxf4 exf4 21. exf5 Qf6 22. Bf3 Rae8 23. Rg1+ Kh8 24. Rg4 Bc8 25. Rdg1 Bxf5 26. Rxf4 Bxc2 27. Rxf6 Nxb3 28. Nxb3 Bxb3 29. Rg4 Bc2 30. Kg3 Bg6 31. h4 Re5 32. Rg5 Kg7 33. Rf4 h6 34. Rxe5 dxe5 35. Rg4 f5 36. Rxg6+ Kxg6 37. h5+ Kg5 38. Be2 f4+ 39. Kh3 e4 40. Kh2 f3 0-1


[Site "https://www.chess.com"]

[Event "Titled Tuesday Blitz July 4 Early 2023"]
[White "Xiong, Jeffery"]
[Black "Vyatkin, Dmitry"]
[WhiteFideId "2047640"]
[BlackFideId "4171900"]
[WhiteElo "2921"]
[BlackElo "2529"]
[Result "1-0"]
[Round "2"]
[TimeControl "180+2"]
[Date "2023.07.04"]
[WhiteClock "0:01:56"]
[BlackClock "0:01:16"]
[Board "111"]

1. e4 e6 2. d4 d5 3. e5 c5 4. c3 Nc6 5. Nf3 Bd7 6. Be2 Qc7 7. O-O f6 8. Re1 fxe5 9. dxe5 Nge7 10. c4 d4 11. Bd3 g6 12. Bf4 Bg7 13. h4 O-O 14. Bh2 Nf5 15. Nbd2 h6 16. a3 Rf7 17. Ne4 b6 18. Nd6 Rff8 19. h5 g5 20. Nxf5 exf5 21. e6 f4 22. exd7 Qxd7 23. Bc2 Qg4 24. Qd3 Qxh5 25. Qh7+ Kf7 26. Be4 1-0


[Site "https://www.chess.com"]

[Event "Titled Tuesday Blitz July 4 Early 2023"]
[White "Demchenko, Anton"]
[Black "Rottenwohrer Suarez, Juan"]
[WhiteFideId "4160258"]
[BlackFideId "32068182"]
[WhiteElo "2886"]
[BlackElo "2489"]
[Result "0-1"]
[Round "2"]
[TimeControl "180+2"]
[Date "2023.07.04"]
[WhiteClock "0:00:00"]
[BlackClock "0:00:33"]
[Board "112"]

1. e4 c5 2. Nf3 g6 3. Bc4 Nc6 4. c3 e6 5. d4 cxd4 6. O-O Bg7 7. cxd4 d5 8. exd5 exd5 9. Bb5 Ne7 10. Bxc6+ bxc6 11. b3 O-O 12. Ba3 Re8 13. h3 Nf5 14. Nc3 Ba6 15. Re1 Rxe1+ 16. Qxe1 Nxd4 17. Nxd4 Bxd4 18. Rd1 Qf6 19. Na4 h5 20. Bc5 Bxc5 21. Nxc5 Bc8 22. Qe3 Bf5 23. b4 a5 24. bxa5 Rxa5 25. a4 Ra8 26. Qd2 Kg7 27. a5 d4 28. a6 d3 29. Qb4 Qe5 30. Qb7 Re8 31. a7 d2 32. Qxc6 Rc8 33. Qxc8 Bxc8 34. a8=Q Qe1+ 35. Rxe1 dxe1=Q+ 36. Kh2 Qe5+ 37. g3 Qxc5 38. Qa1+ Kg8 39. Qa8 Qxf2+ 40. Kh1 Qf1+ 41. Kh2 Qc4 42. Kg1 Kh7 43. Qf3 Bxh3 44. Kh2 Bg4 45. Qf6 Qe2+ 46. Kg1 Qf3 47. Qg5 Qxg3+ 48. Kf1 Bh3+ 49. Ke2 Qxg5 0-1


[Site "https://www.chess.com"]

[Event "Titled Tuesday Blitz July 4 Early 2023"]
[White "Shapiro, Viktor"]
[Black "Ter-Sahakyan, Samvel"]
[WhiteFideId "4175700"]
[BlackFideId "13302531"]
[WhiteElo "2495"]
[BlackElo "2873"]
[Result "0-1"]
[Round "2"]
[TimeControl "180+2"]
[Date "2023.07.04"]
[WhiteClock "0:01:06"]
[BlackClock "0:00:28"]
[Board "113"]

1. Nf3 d5 2. Ng1 e5 3. c4 d4 4. g3 c5 5. Bg2 Nc6 6. d3 Bd6 7. Nf3 h6 8. O-O Nf6 9. e3 O-O 10. exd4 cxd4 11. Re1 Re8 12. a3 a5 13. Nbd2 Bf5 14. Qc2 Qd7 15. Nh4 Bh3 16. Rb1 Bxg2 17. Kxg2 Bf8 18. Nhf3 Qc7 19. b3 Nd7 20. Bb2 Nc5 21. Ne4 Nxe4 22. dxe4 Rec8 23. Rec1 Nd8 24. Qd1 Ne6 25. Ne1 Nc5 26. f3 Qb6 27. Ba1 a4 28. b4 Nb3 29. Rc2 Qe6 30. Qe2 Rc7 31. f4 exf4 32. gxf4 f5 33. exf5 Qxf5 34. Nd3 Ra6 35. Kh1 Re6 36. Qf3 Re3 0-1


[Site "https://www.chess.com"]

[Event "Titled Tuesday Blitz July 4 Early 2023"]
[White "Talibov, Shiroghlan"]
[Black "Itkis, Boris"]
[WhiteFideId "13429078"]
[BlackFideId "1209167"]
[WhiteElo "2795"]
[BlackElo "2437"]
[Result "1-0"]
[Round "2"]
[TimeControl "180+2"]
[Date "2023.07.04"]
[WhiteClock "0:00:46"]
[BlackClock "0:00:11"]
[Board "114"]

1. d4 d5 2. Nf3 Nf6 3. c4 e6 4. Nc3 Be7 5. g3 O-O 6. Bg2 dxc4 7. Ne5 c5 8. d5 exd5 9. Nxd5 Nxd5 10. Qxd5 Nd7 11. Nxc4 Nb6 12. Nxb6 axb6 13. O-O Be6 14. Qxb7 Rxa2 15. Rxa2 Bxa2 16. Bf4 Bc4 17. Bf3 b5 18. Ra1 Bf6 19. Rb1 Ba2 20. Rc1 Bc4 21. b3 Bxb3 22. Rxc5 Bc4 23. Kg2 h6 24. h4 Re8 25. Rc7 Qd1 26. Rc8 Rxc8 27. Qxc8+ Kh7 28. Qf5+ Kg8 29. Be4 Bxe2 30. Qh7+ Kf8 31. Be3 Qd6 32. Qh8+ Ke7 33. Qc8 Qd7 34. Bc5+ Ke6 35. Bf5+ 1-0


[Site "https://www.chess.com"]

[Event "Titled Tuesday Blitz July 4 Early 2023"]
[White "Weetik, Vjacheslav"]
[Black "Kovalevsky, Stanislav"]
[WhiteFideId "4153472"]
[BlackFideId "13508598"]
[WhiteElo "2762"]
[BlackElo "2455"]
[Result "0-1"]
[Round "2"]
[TimeControl "180+2"]
[Date "2023.07.04"]
[WhiteClock "0:00:00"]
[BlackClock "0:00:36"]
[Board "115"]

1. d4 d5 2. c4 c6 3. Nf3 Nf6 4. g3 a6 5. Bg2 dxc4 6. O-O Nbd7 7. a4 a5 8. Na3 Nb6 9. Qc2 Be6 10. Ng5 Bc8 11. Nxc4 Qxd4 12. Nxb6 Qxb6 13. Be3 Qb4 14. Bxc6+ Bd7 15. Bxd7+ Nxd7 16. Rac1 e6 17. Rfd1 Rd8 18. Qc7 Be7 19. Nxf7 Kxf7 20. Rxd7 Rc8 21. Qxb7 Rxc1+ 22. Bxc1 Qxb7 23. Rc7 Qxc7 0-1


[Site "https://www.chess.com"]

[Event "Titled Tuesday Blitz July 4 Early 2023"]
[White "Romero Ruscalleda, Josep"]
[Black "Khumalo, Keith"]
[WhiteFideId "2231859"]
[BlackFideId "14319470"]
[WhiteElo "2408"]
[BlackElo "2695"]
[Result "1-0"]
[Round "2"]
[TimeControl "180+2"]
[Date "2023.07.04"]
[WhiteClock "0:02:05"]
[BlackClock "0:02:25"]
[Board "116"]

1. e4 c5 2. c3 Nf6 3. e5 Nd5 4. Nf3 e6 5. d4 cxd4 6. cxd4 Nc6 7. a3 d6 8. Bd3 dxe5 9. dxe5 Be7 10. O-O Qc7 11. Re1 O-O 12. Bd2 Rd8 13. Qe2 Na5 14. Nc3 Nb3 15. Rad1 Nxd2 16. Nxd5 Nxf3+ 17. Qxf3 exd5 18. Bb1 Be6 19. Rd4 Rac8 20. h4 Qc5 21. Qd3 a6 22. Qxh7+ 1-0


[Site "https://www.chess.com"]

[Event "Titled Tuesday Blitz July 4 Early 2023"]
[White "Amburgy, Ryan"]
[Black "Avazkhonov, Alikhon"]
[WhiteFideId "30924820"]
[BlackFideId "14208504"]
[WhiteElo "2682"]
[BlackElo "2418"]
[Result "1-0"]
[Round "2"]
[TimeControl "180+2"]
[Date "2023.07.04"]
[WhiteClock "0:01:52"]
[BlackClock "0:00:39"]
[Board "117"]

1. d4 Nf6 2. c4 g6 3. Nc3 d5 4. cxd5 Nxd5 5. e4 Nxc3 6. bxc3 Bg7 7. Nf3 c5 8. Bb5+ Bd7 9. Be2 O-O 10. O-O cxd4 11. cxd4 Bg4 12. Be3 Nc6 13. d5 Bxf3 14. Bxf3 Nb4 15. Rb1 Qa5 16. a3 Na2 17. Rxb7 Nc3 18. Qb3 Rfe8 19. g3 Na4 20. Rc1 Nb6 21. Rc6 Be5 22. Bc5 a6 23. Bxb6 1-0


[Site "https://www.chess.com"]

[Event "Titled Tuesday Blitz July 4 Early 2023"]
[White "Gaal, Zsoka"]
[Black "Timerkhanov, Alexander"]
[WhiteFideId "777765"]
[BlackFideId "24177938"]
[WhiteElo "2376"]
[BlackElo "2672"]
[Result "0-1"]
[Round "2"]
[TimeControl "180+2"]
[Date "2023.07.04"]
[WhiteClock "0:00:39"]
[BlackClock "0:02:19"]
[Board "118"]

1. Nf3 d5 2. b3 Bg4 3. Bb2 Nd7 4. g3 Bxf3 5. exf3 e6 6. Bg2 Ngf6 7. O-O Bd6 8. f4 O-O 9. d3 c5 10. Nd2 Rc8 11. Re1 h6 12. Nf3 b5 13. Nh4 Qc7 14. f5 e5 15. Nf3 Rfe8 16. Qd2 c4 17. bxc4 bxc4 18. dxc4 dxc4 19. Rad1 Bc5 20. Bc3 e4 21. Re2 exf3 22. Bxf3 Rxe2 23. Qxe2 Re8 24. Qd2 Ne5 25. Bg2 Neg4 0-1


[Site "https://www.chess.com"]

[Event "Titled Tuesday Blitz July 4 Early 2023"]
[White "Zia, Tahsin Tajwar"]
[Black "Burmakin, Vladimir"]
[WhiteFideId "10211888"]
[BlackFideId "4105109"]
[WhiteElo "2393"]
[BlackElo "2636"]
[Result "1-0"]
[Round "2"]
[TimeControl "180+2"]
[Date "2023.07.04"]
[WhiteClock "0:00:08"]
[BlackClock "0:00:04"]
[Board "119"]

1. Nf3 d5 2. c4 c6 3. d4 Nf6 4. Nc3 e6 5. Qd3 Nbd7 6. g3 Be7 7. Bg2 O-O 8. O-O a6 9. e4 dxe4 10. Nxe4 Nxe4 11. Qxe4 Nf6 12. Qc2 c5 13. Rd1 cxd4 14. Nxd4 Qc7 15. b3 Bd7 16. Bb2 Rfd8 17. Rac1 Rac8 18. h3 Be8 19. Qe2 h6 20. Nf3 Rxd1+ 21. Rxd1 b5 22. Ne5 bxc4 23. bxc4 Qa5 24. Bd4 Qc7 25. Rb1 Bc5 26. Rb7 Qd6 27. Bxc5 Rxc5 28. f4 Ra5 29. Kh2 Ra3 30. Rb3 a5 31. Qc2 Rxb3 32. axb3 Qc5 33. Nd3 Qd4 34. c5 Bb5 35. Ne5 Ne8 36. c6 Nc7 37. Qa2 Qb4 38. Qc2 Qd4 39. Qa2 Qc3 40. Qf2 f6 41. Nc4 Qxb3 42. Qb6 Qxc4 43. Qxc7 Kh7 44. Qd6 Qc2 45. c7 Bf1 46. Qc6 Qxc6 47. Bxc6 Ba6 48. Bd7 e5 49. fxe5 fxe5 50. c8=Q Bxc8 51. Bxc8 a4 52. Be6 Kg6 53. Kg2 Kf6 54. Bc4 Kf5 55. Kf3 h5 56. Bd3+ Ke6 57. Ke4 a3 58. Bc4+ Kf6 59. Ba2 g6 60. Bb3 g5 61. Ba2 h4 62. g4 Kg6 63. Kxe5 1-0


[Site "https://www.chess.com"]

[Event "Titled Tuesday Blitz July 4 Early 2023"]
[White "chess123456s"]
[Black "Bashirli, Saadat"]
[BlackFideId "13429990"]
[WhiteElo "2635"]
[BlackElo "2353"]
[Result "1-0"]
[Round "2"]
[TimeControl "180+2"]
[Date "2023.07.04"]
[WhiteClock "0:00:27"]
[BlackClock "0:00:11"]
[Board "120"]

1. d4 d5 2. Nc3 e6 3. e4 dxe4 4. Nxe4 Nf6 5. Nxf6+ Qxf6 6. Nf3 h6 7. Bd3 Bd6 8. O-O O-O 9. b3 Nc6 10. Bb2 Qd8 11. c4 b6 12. Qe2 Bb7 13. Rad1 Ne7 14. c5 Bf4 15. g3 Bxf3 16. Qxf3 Bg5 17. Be4 Nd5 18. Rfe1 c6 19. Bb1 Qd7 20. Re2 Rad8 21. Rde1 Rfe8 22. Qe4 Nf6 23. Qc2 h5 24. d5 cxd5 25. h4 Ne4 26. hxg5 bxc5 27. Qc1 Nd6 28. Qxc5 Rc8 29. Qd4 f6 30. gxf6 Nf7 31. fxg7 e5 32. Qh4 Qg4 33. Qxg4 hxg4 34. Bf5 Rc6 35. Bxe5 Nxe5 36. Rxe5 Rxe5 37. Rxe5 Kxg7 38. Rxd5 Rc1+ 39. Kg2 Ra1 40. Ra5 1-0


[Site "https://www.chess.com"]

[Event "Titled Tuesday Blitz July 4 Early 2023"]
[White "Fisher_TheGalactic"]
[Black "Legenia, Artem"]
[BlackFideId "14136945"]
[WhiteElo "2617"]
[BlackElo "2297"]
[Result "1/2-1/2"]
[Round "2"]
[TimeControl "180+2"]
[Date "2023.07.04"]
[WhiteClock "0:00:53"]
[BlackClock "0:00:08"]
[Board "121"]

1. Nf3 e6 2. g3 d5 3. Bg2 Nf6 4. O-O c5 5. d3 Nc6 6. Nbd2 h6 7. e4 Be7 8. exd5 Nxd5 9. Nc4 O-O 10. Nfe5 Qc7 11. Nxc6 Qxc6 12. Re1 Qc7 13. Bxd5 exd5 14. Bf4 Qd8 15. Rxe7 dxc4 16. Re3 cxd3 17. Rxd3 Qb6 18. b3 Be6 19. Rd6 Qa5 20. Qf3 b6 21. Bd2 Qa3 22. Bc1 Qb4 23. Bb2 Rad8 24. a3 Qg4 25. Qd3 Rxd6 26. Qxd6 Qf3 27. Qe5 Qg4 28. a4 Rd8 29. Re1 Rd1 30. Rxd1 Qxd1+ 31. Kg2 Bd5+ 32. Kh3 Be6+ 33. Kg2 Bd5+ 34. Kh3 Be6+ 35. Kg2 1/2-1/2


[Site "https://www.chess.com"]

[Event "Titled Tuesday Blitz July 4 Early 2023"]
[White "Janaszak, Dawid"]
[Black "Rodriguez Polo, Mateo"]
[WhiteFideId "1119206"]
[BlackFideId "24509396"]
[WhiteElo "2586"]
[BlackElo "2337"]
[Result "1-0"]
[Round "2"]
[TimeControl "180+2"]
[Date "2023.07.04"]
[WhiteClock "0:00:21"]
[BlackClock "0:00:04"]
[Board "122"]

1. e4 e6 2. d4 d5 3. Bd3 c5 4. exd5 exd5 5. c3 Nc6 6. Nf3 Bd6 7. dxc5 Bxc5 8. O-O Nge7 9. Nbd2 f6 10. Nb3 Bd6 11. Nh4 Be6 12. Re1 Qd7 13. Qe2 Bf7 14. Nf5 O-O 15. Qg4 Nxf5 16. Bxf5 Qc7 17. Bh6 Be8 18. h4 Ne5 19. Rxe5 fxe5 20. Be6+ Kh8 21. Bg5 a5 22. Bxd5 a4 23. Nd2 Qc5 24. Bf3 Bc6 25. Ne4 Bxe4 26. Qxe4 b5 27. a3 Rad8 28. Bxd8 Rxd8 29. Rd1 Be7 30. Rxd8+ Bxd8 31. Qa8 Qd6 32. Bc6 g6 33. Bxb5 Kg7 34. Qe4 Qd1+ 35. Kh2 Bc7 36. Bxa4 Qd2 37. Qc2 Qf4+ 38. g3 Qf6 39. Kg2 Qd6 40. Qe4 Bb6 41. Qc6 Qd8 42. Qd7+ Qxd7 43. Bxd7 Kf6 44. Kf3 Ke7 45. Bc6 Kd6 46. Be4 Bd8 47. h5 gxh5 48. Bxh7 Bg5 49. b3 h4 50. gxh4 Bxh4 51. Ke2 Kc5 52. f3 Bf6 53. Kd3 Bg5 54. Bg6 Bf4 55. b4+ Kb5 56. Be8+ Kb6 57. a4 Bc1 58. c4 Ba3 59. c5+ Kc7 60. Kc4 Bb2 61. Bg6 Bc1 62. Be4 Bg5 63. a5 Be7 64. b5 Kb8 65. b6 Bf6 66. c6 Bd8 67. Kb5 Be7 68. c7+ Kc8 69. Kc6 Bc5 70. b7# 1-0


[Site "https://www.chess.com"]

[Event "Titled Tuesday Blitz July 4 Early 2023"]
[White "Kim, Sergey"]
[Black "Andreassen, Lars"]
[WhiteFideId "13700570"]
[BlackFideId "1504878"]
[WhiteElo "2570"]
[BlackElo "2228"]
[Result "1-0"]
[Round "2"]
[TimeControl "180+2"]
[Date "2023.07.04"]
[WhiteClock "0:02:44"]
[BlackClock "0:02:39"]
[Board "123"]

1. d4 d5 2. c4 e6 3. Nc3 c5 4. e3 Nf6 5. Nf3 Nc6 6. a3 a6 7. Bd3 dxc4 8. Bxc4 b5 9. Ba2 Bb7 10. O-O Qb6 11. d5 exd5 12. Nxd5 Nxd5 13. Qxd5 Rd8 14. Qxf7# 1-0


[Site "https://www.chess.com"]

[Event "Titled Tuesday Blitz July 4 Early 2023"]
[White "SicilianPanzer"]
[Black "Roebers, Eline"]
[BlackFideId "1058401"]
[WhiteElo "2253"]
[BlackElo "2561"]
[Result "0-1"]
[Round "2"]
[TimeControl "180+2"]
[Date "2023.07.04"]
[WhiteClock "0:00:00"]
[BlackClock "0:00:46"]
[Board "124"]

1. e4 c5 2. Nf3 e6 3. d4 cxd4 4. Nxd4 Nf6 5. Nc3 Nc6 6. Be2 d6 7. O-O Be7 8. Be3 O-O 9. f4 a6 10. a4 Qc7 11. Bf3 Na5 12. Qe2 Nc4 13. Bc1 Rb8 14. b3 Na5 15. Bb2 Bd7 16. Rad1 Rfc8 17. e5 Ne8 18. exd6 Bxd6 19. g3 Bb4 20. Ne4 b5 21. c3 Bf8 22. b4 Nc4 23. a5 e5 24. fxe5 Nxe5 25. Nb3 Bh3 26. Rf2 Rd8 27. Nec5 Rxd1+ 28. Qxd1 Rd8 29. Qe1 Rd6 30. Bg2 Bxg2 31. Rxg2 Nf3+ 0-1


[Site "https://www.chess.com"]

[Event "Titled Tuesday Blitz July 4 Early 2023"]
[White "Tagliata"]
[Black "lagarto93"]
[WhiteElo "2157"]
[BlackElo "2554"]
[Result "0-1"]
[Round "2"]
[TimeControl "180+2"]
[Date "2023.07.04"]
[WhiteClock "0:00:48"]
[BlackClock "0:01:24"]
[Board "125"]

1. e4 e6 2. d4 d5 3. e5 c5 4. c3 Qb6 5. Nf3 Nc6 6. a3 c4 7. Nbd2 Na5 8. Rb1 Bd7 9. h4 Ne7 10. b4 cxb3 11. Nxb3 Ba4 12. Nxa5 Qxa5 13. Qd2 b6 14. c4 Qxd2+ 15. Bxd2 dxc4 16. Bxc4 Rc8 17. Bd3 Nd5 18. O-O Be7 19. Rfc1 Kd7 20. Be4 Bc6 21. Rb3 h6 22. Ne1 Rc7 23. g3 Rhc8 24. Rcb1 Bb7 25. Nf3 Bf8 26. Nh2 Ne7 27. Bxb7 Rxb7 28. Nf1 Nd5 29. Ne3 Nxe3 30. Bxe3 Rbc7 31. Kg2 Rc4 32. Rd3 Kc6 33. Rbb3 Kd5 34. Rb5+ Kc6 35. Rbb3 a6 36. Rdc3 Rxc3 37. Rxc3+ Kb7 38. Rb3 Rc6 39. Kf3 Be7 40. Ke4 Rc4 41. h5 b5 42. Kd3 Kc6 43. Bc1 Kd5 44. Bb2 Bd8 45. Rc3 Ba5 46. Rxc4 bxc4+ 47. Kc2 Be1 48. f3 Bxg3 49. Bc3 Bf2 0-1


[Site "https://www.chess.com"]